Map: Orbital Shipyard

Players

FireCake

  • Race: Zerg Zerg
  • League: Grandmaster

MyuNgSiK - Winner!

  • Race: Protoss Protoss

Event: Gauntlet LotV Series 1 Qualifier 2

VOD

Have the link to the VOD?

Description

Time

  • Played on: Dec. 5, 2015, 4:31 p.m.
  • Length: 10:36

All games in this series

Show
View Real Time Build Order
Export as new Build Order

FireCake Zerg 

Build Orders: Hatch First, Roach Nydus 

Get SALT Encoding   

  12  0:00  Drone  
  13  0:08  Drone  
  14  0:16  Overlord  
  14  0:22  Extractor  
  14  0:23  Drone  
  15  0:35  Drone x2  
  17  0:51  Hatchery  
  17  0:54  Drone  
  17  0:57  Drone  
  18  1:05  Drone  
  18  1:08  Extractor  
  18  1:15  Spawning Pool  
  17  1:19  Drone  
  18  1:26  Drone  
  19  1:37  Overlord  
  19  1:48  Drone  
  20  2:01  Queen  
  20  2:02  Zergling x2  
  20  2:04  Drone, Queen  
  26  2:10  Drone  
  27  2:20  Drone  
  28  2:28  Drone  
  29  2:31  Hatchery  
  29  2:33  Drone  
  29  2:35  Drone  
  30  2:39  Drone  
  31  2:47  Overlord  
  31  2:49  Lair  
  31  2:52  Queen  
  33  2:59  Drone x2  
  33  3:00  Drone  
  36  3:12  Drone x5  
  41  3:15  Extractor  
  41  3:16  Extractor  
  41  3:19  Drone x2  
  41  3:22  Drone x2  
  41  3:26  Overlord  
  43  3:34  Overlord  
  43  3:38  Roach Warren  
  42  3:49  Nydus Network  
  42  3:53  Overlord  
  42  3:54  Overlord  
  41  3:57  Queen  
  42  4:20  Roach x6  
  42  4:21  Roach x2  
  58  4:29  Nydus Canal  
  60  4:31  Roach  
  60  4:32  Roach  
  60  4:36  Roach  
  60  4:38  Roach  
  66  4:41  Roach  
  68  4:52  Roach x3  
  66  5:01  Drone x5  
  69  5:12  Drone x5  
  66  5:23  Drone  
  66  5:24  Drone x3  
  66  5:27  Spire  
  62  5:35  Drone  
  62  5:38  Extractor  
  62  5:39  Drone x4  
  65  5:44  Metabolic Boost  
  65  5:49  Overlord  
  65  5:53  Drone x2  
  67  5:57  Queen x2  
  67  6:02  Queen  
  73  6:10  Drone x2  
  73  6:11  Drone x3  
  74  6:19  Overlord  
  74  6:20  Drone  
  74  6:21  Drone x2  
  77  6:39  Drone x2  
  80  6:40  Drone x4  
  80  6:46  Hydralisk Den  
  79  6:48  Corruptor  
  79  6:53  Evolution Chamber  
  79  7:05  Drone x8  
  87  7:12  Overlord x2  
  87  7:13  Overlord x5  
  87  7:19  Corruptor  
  89  7:23  Zerg Missile Weapons Level 1, Lurker Den  
  89  7:30  Corruptor x2  
  89  7:31  Corruptor  
  95  7:43  Corruptor  
  95  7:44  Corruptor x3, Extractor  
  94  7:45  Extractor  
  98  7:53  Corruptor  
  98  7:55  Corruptor  
  100  8:01  Drone x2  
  98  8:09  Drone x7  
  105  8:17  Hydralisk x4  
  113  8:24  Hydralisk x2  
  117  8:32  Hydralisk x2  
  121  8:42  Overlord x4  
  121  8:46  Hatchery  
  120  8:52  Overlord x2  
  120  9:06  Hydralisk x9  
  138  9:15  Overlord x2  
  138  9:17  Muscular Augments  
  138  9:21  Hydralisk x2  
  116  9:39  Roach x7  
  122  9:47  Lurker x3  
  122  9:49  Roach x2  
  121  9:55  Roach  
  121  9:56  Roach x2  
  86  10:07  Roach  
  86  10:08  Roach x3  
  86  10:13  Roach  
Show
View Real Time Build Order
Export as new Build Order

MyuNgSiK Protoss - Winner!

Build Orders: 1 Gate Expand 

Get SALT Encoding   

  12  0:01  Probe (Chrono Boost)  
  13  0:11  Probe (Chrono Boost)  
  14  0:19  Pylon  
  14  0:22  Probe (Chrono Boost)  
  15  0:37  Probe (Chrono Boost), Gateway  
  16  0:45  Assimilator  
  16  0:48  Probe (Chrono Boost)  
  17  0:58  Probe (Chrono Boost)  
  18  1:09  Probe (Chrono Boost)  
  19  1:20  Probe (Chrono Boost)  
  19  1:21  Nexus  
  20  1:31  Cybernetics Core  
  20  1:35  Probe (Chrono Boost)  
  20  1:39  Assimilator  
  21  1:46  Probe (Chrono Boost)  
  22  1:51  Pylon  
  22  1:57  Probe (Chrono Boost)  
  23  2:10  Probe (Chrono Boost), Adept, Warp Gate  
  26  2:20  Probe (Chrono Boost)  
  27  2:29  Robotics Facility  
  27  2:31  Probe (Chrono Boost)  
  27  2:33  Probe (Chrono Boost)  
  29  2:37  Adept  
  29  2:41  Probe (Chrono Boost)  
  33  2:44  Probe (Chrono Boost)  
  33  2:53  Probe (Chrono Boost)  
  33  2:54  Probe (Chrono Boost)  
  35  3:04  Probe (Chrono Boost)  
  35  3:05  Probe (Chrono Boost)  
  37  3:14  Probe (Chrono Boost), Pylon  
  37  3:15  Probe (Chrono Boost)  
  37  3:18  Robotics Bay  
  39  3:22  Warp Prism  
  39  3:25  Probe (Chrono Boost)  
  39  3:26  Probe (Chrono Boost)  
  43  3:28  Assimilator  
  43  3:30  Assimilator  
  43  3:34  Gateway  
  43  3:37  Probe (Chrono Boost)  
  43  3:40  Probe (Chrono Boost)  
  45  3:45  Pylon  
  45  3:47  Probe (Chrono Boost)  
  46  3:50  Probe (Chrono Boost)  
  47  3:59  Gravitic Drive  
  47  4:01  Mothership Core (Chrono Boost)  
  49  4:05  Disruptor (Chrono Boost)  
  52  4:10  Probe  
  53  4:18  Nexus  
  53  4:21  Probe  
  53  4:22  Pylon  
  55  4:25  Adept  
  57  4:33  Probe  
  57  4:35  Pylon  
  57  4:36  Stalker  
  57  4:37  Disruptor (Chrono Boost), Pylon  
  62  4:39  Pylon  
  62  4:45  Pylon  
  62  4:46  Pylon  
  60  4:53  Stalker  
  60  5:04  Stalker  
  61  5:08  Probe  
  61  5:09  Probe  
  63  5:21  Probe x2  
  62  5:33  Probe x2 (Chrono Boost)  
  63  5:41  Nexus  
  59  5:44  Probe x2 (Chrono Boost)  
  59  5:46  Stargate x2  
  59  5:48  Pylon  
  61  5:50  Pylon  
  61  5:54  Probe x2 (Chrono Boost)  
  63  6:05  Probe x2 (Chrono Boost)  
  65  6:14  Forge  
  65  6:15  Twilight Council, Probe x2 (Chrono Boost)  
  65  6:17  Observer  
  68  6:22  Gateway  
  68  6:23  Gateway  
  68  6:26  Probe x2 (Chrono Boost)  
  68  6:30  Phoenix (Chrono Boost)  
  72  6:33  Phoenix (Chrono Boost)  
  72  6:37  Probe  
  75  6:40  Probe  
  75  6:46  Gateway  
  76  6:47  Gateway  
  76  6:48  Observer  
  76  6:49  Probe  
  78  6:58  Phoenix x2 (Chrono Boost)  
  82  7:03  Probe  
  82  7:04  Probe x2  
  85  7:09  Pylon, Blink  
  85  7:10  Pylon  
  85  7:19  Probe  
  85  7:20  Probe  
  85  7:21  Probe  
  88  7:28  Gateway  
  88  7:30  Pylon  
  88  7:50  Stalker x4  
  88  7:51  Probe x2  
  98  7:55  Assimilator  
  98  8:00  Assimilator  
  98  8:09  Stalker x2  
  98  8:12  Pylon  
  102  8:13  Probe  
  102  8:14  Pylon  
  102  8:17  Stalker x4  
  111  8:20  Pylon  
  111  8:22  Pylon  
  109  8:42  Stalker x4  
  109  8:45  Pylon  
  109  8:47  Pylon  
  117  8:48  Pylon  
  117  9:00  Immortal  
  117  9:01  Stalker x3  
  127  9:05  Photon Cannon  
  127  9:08  Stalker x4  
  135  9:22  Nexus  
  135  9:25  Stalker x3  
  141  9:35  Stalker x4  
  143  9:48  Stalker x3  
  149  9:56  Warp Prism  
  147  10:06  Stalker x3  
  147  10:07  Stalker  
  147  10:17  Stalker  
  147  10:18  Stalker x2  
Tags
 
Add a new tag
Caveats
  • Supply blocks, unpowered buildings, or Contaminate may cause inaccurate times.
  • Supply counts are checked every 10 seconds.